 Dungeon Crawl Stone Soup version 0.21.1-1-g345015fe64 (webtiles) character file.

59 BrokenGlass the Ruffian (level 4, -3/31 HPs)
             Began as an Octopode Fighter on Feb 17, 2018.
             Slain by Natasha (6 damage)
             ... on level 3 of the Dungeon.
             The game lasted 00:01:41 (1527 turns).

BrokenGlass the Ruffian (Octopode Fighter)          Turns: 1527, Time: 00:01:42

Health: -3/31      AC:  1    Str: 14 (16) XL:     4   Next: 3%
Magic:  4/4        EV: 13    Int:  8 (10) God:
Gold:   125        SH:  0    Dex: 10 (11) Spells: 3/3 levels left

rFire    . . .     SeeInvis .     - Unarmed
rCold    . . .     Gourm    .   (no shield)
rNeg     . . .     Faith    .   (helmet restricted)
rPois    +         Spirit   .   (no amulet)
rElec    .         Reflect  .   l - ring of poison resistance
rCorr    .         Harm     .   (no ring)
MR       .....                  (no ring)
Stlth    ++........             (no ring)
HPRegen  0.10/turn              (no ring)
MPRegen  0.09/turn              (no ring)
                                (no ring)
                                (no ring)

@: berserk cooldown, hasted and slowed
A: almost no armour, stealthy swim, amphibious, 8 rings, constrict 8, camouflage
1, gelatinous body 1
a: no special abilities


You were on level 3 of the Dungeon.
You were hungry.

You visited 1 branch of the dungeon, and saw 3 of its levels.

You collected 125 gold pieces.

Inventory:

Missiles
 o - 32 poisoned needles
Armour
 a - a +0 shield
Jewellery
 l - a ring of poison resistance (left tentacle)
Scrolls
 d - 2 scrolls of enchant armour {unknown}
 e - a scroll of enchant weapon {unknown}
 g - a scroll of fog {unknown}
 h - 2 scrolls of remove curse {unknown}
 i - a scroll of immolation {unknown}
 j - a scroll of blinking {unknown}
 n - 3 scrolls of teleportation {unknown}
 q - a scroll of identify {unknown}
Potions
 b - 2 potions of might
Comestibles
 c - 2 rations


   Skills:
 - Level 3.0 Fighting
 - Level 3.0 Dodging
 - Level 3.0 Shields
 + Level 4.2 Unarmed Combat


You had 3 spell levels left.
You didn't know any spells.

Dungeon Overview and Level Annotations

Branches:
Dungeon (3/15)

Altars:
Trog
Uskayaw
The Shining One

Annotations:
D:3 Natasha; gmrwt's ghost, amateur SpEn


Innate Abilities, Weirdness & Mutations

You cannot wear most types of armour.
You are very stealthy in the water. (Stealth+)
You are amphibious.
You can wear up to eight rings at the same time.
You can use your tentacles to constrict eight enemies at once.
Your skin changes colour to match your surroundings (Stealth+).
Your rubbery body absorbs attacks. (AC +1, EV +1)


Message History

Gmrwt's ghost hits you.
* * * LOW HITPOINT WARNING * * *
Natasha barely misses you.
You tentacle-slap gmrwt's ghost. Your squeeze misses gmrwt's ghost.
Gmrwt's ghost is severely damaged.
Gmrwt's ghost hits you.
* * * LOW HITPOINT WARNING * * *
Unknown command.
You closely miss gmrwt's ghost. Your squeeze misses gmrwt's ghost.
Gmrwt's ghost is severely damaged.
Natasha completely misses you. Gmrwt's ghost misses you.
Unknown command.
You miss gmrwt's ghost.
Gmrwt's ghost is severely damaged.
Natasha mumbles some strange words.
Unknown command.
You closely miss gmrwt's ghost. Your squeeze misses gmrwt's ghost.
Gmrwt's ghost is severely damaged.
Gmrwt's ghost barely misses you. Natasha claws you.
You die...

## #.. #.# #.# ######.# .# ...
#..h@#.###### .# ...
###+#5##W#......# .# ...####
#.....##.#..###.# .#
......###.....##.#..###.#####.###
........'.h).............†.......
........#.....####.###...........
#+#.....#..........# #.8.......8.
....)..............# #......†....
#.#.......#..#.....# #.8....)..8.


You could see Natasha, gmrwt's ghost and a white imp.

Vanquished Creatures
  2 adders
  A worm (D:1)
  5 leopard geckos
  2 giant cockroaches
  2 goblins
  4 hobgoblins
  A jackal (D:2)
  A quokka (D:3)
  2 bats
  A frilled lizard (D:1)
  6 kobolds
  6 rats
33 creatures vanquished.

Notes
Turn   | Place    | Note
-------+----------+-------------------------------------------
     0 | D:1      | BrokenGlass the Octopode Fighter began the quest for the Orb.
     0 | D:1      | Reached XP level 1. HP: 16/16 MP: 1/1
   302 | D:1      | Reached XP level 2. HP: 14/21 MP: 2/2
   576 | D:1      | Reached skill level 3 in Unarmed Combat
   742 | D:2      | Reached XP level 3. HP: 26/26 MP: 3/3
  1047 | D:2      | Found a glowing golden altar of the Shining One.
  1217 | D:2      | Found a faded altar of an unknown god.
  1383 | D:3      | Found a bloodstained altar of Trog.
  1415 | D:3      | Reached skill level 4 in Unarmed Combat
  1475 | D:3      | Found a hide-covered altar of Uskayaw.
  1479 | D:3      | Noticed gmrwt's ghost (amateur SpEn)
  1484 | D:3      | Reached XP level 4. HP: 29/31 MP: 4/4
  1505 | D:3      | Noticed Natasha
  1521 | D:3      | HP: 1/31 [Natasha (9)]
  1527 | D:3      | Slain by Natasha

Skill      XL: |  1  2  3 |
---------------+----------+-----
Unarmed Combat | 3 4 |  4.2
Fighting       | |  3.0
Dodging        | |  3.0
Shields        | |  3.0

Action                   |  1- 3 |  4- 6 || total
-------------------------+-------+-------++-------
Melee: Unarmed           |    68 |    15 ||    83
       Constrict         |    17 |     1 ||    18
       Tentacles         |    12 |       ||    12
       Punch             |       |     1 ||     1
  Use: Potion            |       |     6 ||     6
 Stab: Sleeping          |     6 |       ||     6
  Eat: Chunk             |     1 |       ||     1
Armor: Skin              |     4 |     2 ||     6
Dodge: Dodged            |    36 |    16 ||    52
